 Dungeon Crawl Stone Soup version 0.26.0-18-gc5c842f807 (webtiles) character file.

Game seed: 3770176064384753754

7384 pkoi the Grappler (level 10, 0/96 HPs)
             Began as a Troll Monk on Jan 22, 2021.
             Was a High Priest of Okawaru.
             Slain by a ten-headed hydra (18 damage)
             ... on level 10 of the Dungeon.
             The game lasted 00:11:26 (8229 turns).

pkoi the Grappler (Troll Monk)                      Turns: 8229, Time: 00:11:27

Health: 0/96       AC: 10    Str: 20    XL:     10   Next: 92%
Magic:  5/12       EV: 17    Int:  9    God:    Okawaru [*****.]
Gold:   814        SH:  0    Dex: 18    Spells: 9/9 levels left

rFire    + . .     SeeInvis .     - Unarmed
rCold    + . .     Faith    .   (no shield)
rNeg     . . .     Spirit   .   y - +2 robe {rC+ rF+}
rPois    .         Reflect  .   (helmet restricted)
rElec    .         Harm     .   a - +1 cloak {rCorr}
rCorr    +         Rampage  .   (gloves unavailable)
Will     +++..                  (boots unavailable)
Stlth    ++++......             c - amulet of regeneration
HPRegen  1.06/turn              B - ring "Ycor" {*Contam Will+++ Str-4 Int+3 Slay+3} (curse)
MPRegen  0.13/turn              n - +6 ring of dexterity

@: heroism, finesse
A: large, unfitting armour, claws 3, regeneration 1, shaggy fur 1, tough skin 3
a: Renounce Religion, Heroism, Finesse


You were on level 10 of the Dungeon.
You worshipped Okawaru.
Okawaru was extremely pleased with you.
You visited 2 branches of the dungeon, and saw 11 of its levels.

You collected 814 gold pieces.

Inventory:

Missiles
 f - 23 boomerangs
 j - 4 large rocks (quivered)
Armour
 a - a +1 cloak of preservation (worn)
 r - a scarf of harm
 w - the +0 kite shield of Ateves {Str+5 Dex+4 Stlth+}
   (You found it on level 5 of the Dungeon)

   It affects your strength (+5).
   It affects your dexterity (+4).
   It makes you more stealthy.
 y - a +2 robe of resistance (worn)
Jewellery
 c - an amulet of regeneration (around neck)
 h - an uncursed ring of resist corrosion
 n - a +6 ring of dexterity (right claw)
 u - an uncursed ring of protection from fire
 B - the cursed ring "Ycor" (left claw) {*Contam Will+++ Str-4 Int+3 Slay+3}
   (You found it on level 8 of the Dungeon)

   [ring of strength]

   It affects your strength (-4).
   It affects your intelligence (+3).
   It affects your accuracy and damage with ranged weapons and melee attacks
   (+3).
   It affects your willpower, your defense against some magical effects.
   It causes magical contamination when unequipped.
   It has a curse placed upon it.
Wands
 p - a wand of digging (5)
 t - a wand of flame (71)
 x - a wand of paralysis (8)
 C - a wand of iceblast (8)
 F - a wand of enslavement (10)
Scrolls
 e - 3 scrolls of fog
 g - 3 scrolls of identify
 o - 3 scrolls of enchant weapon
 q - 6 scrolls of teleportation
 s - 6 scrolls of remove curse
Potions
 b - 2 potions of mutation
 d - 8 potions of curing
 i - a potion of flight
 k - 3 potions of brilliance
 l - a potion of magic
 m - 2 potions of invisibility
 v - a potion of resistance {unknown}
 z - a potion of heal wounds
 D - a potion of might


   Skills:
 + Level 5.3(10.3) Fighting
 + Level 5.9(10.9) Throwing
 + Level 5.3(10.3) Dodging
 + Level 1.6(6.6) Stealth
 + Level 12.1(17.1) Unarmed Combat
 + Level 4.6 Invocations


You had 9 spell levels left.
You didn't know any spells.
Your spell library contained the following spells:

 Spells                   Type           Power        Failure   Level
 Animate Skeleton         Necr           0%           38%         1
 Magic Dart               Conj           0%           38%         1
 Pain                     Necr           0%           38%         1
 Searing Ray              Conj           0%           52%         2
 Confusing Touch          Hex            0%           77%         3
 Dazzling Flash           Conj/Hex       0%           77%         3
 Gell's Gravitas          Tloc           0%           77%         3
 Vampiric Draining        Necr           0%           77%         3
 Animate Dead             Necr           0%           99%         4
 Fulminant Prism          Conj/Hex       0%           99%         4
 Iskenderun's Mystic Bla  Conj/Tloc      0%           99%         4
 Petrify                  Tmut/Erth      0%           99%         4
 Agony                    Necr           0%           100%        5
 Metabolic Englaciation   Hex/Ice        0%           100%        5
 Yara's Violent Unravell  Hex/Tmut       0%           100%        5


Dungeon Overview and Level Annotations

Branches:
Dungeon (10/15)            Temple (1/1) D:6            Lair (0/6) D:9
    Orc: D:9-12

Altars:
Ashenzari
Cheibriados
Dithmenos
Elyvilon
Fedhas
Gozag
Hepliaklqana
Kikubaaqudgha
Makhleb
Nemelex Xobeh
Okawaru
Qazlal
Ru
Sif Muna
Trog
Uskayaw
Vehumet
Wu Jian
Xom
Yredelemnul
Zin
The Shining One


Innate Abilities, Weirdness & Mutations

You are too large for most types of armour.
You have claws for hands.
Your natural rate of healing is unusually fast.
You are covered in fur. (AC +1)
You have extremely tough skin. (AC +3)


Message History

Unknown command.
You rip one of the eight-headed hydra's heads off!
The seven-headed hydra grows two more!
You mangle the nine-headed hydra!!
The nine-headed hydra is severely wounded.
Unknown command.
You barely miss the nine-headed hydra.
The nine-headed hydra is severely wounded.
Unknown command.
You rip one of the nine-headed hydra's heads off!
The eight-headed hydra grows two more!
You claw the ten-headed hydra!
The ten-headed hydra is severely wounded.
The ten-headed hydra barely misses you.
The ten-headed hydra completely misses you.
The ten-headed hydra misses you.
The ten-headed hydra completely misses you.
The ten-headed hydra barely misses you.
The ten-headed hydra closely misses you.
The ten-headed hydra completely misses you.
The ten-headed hydra bites you!!
You die...

#...#.##.##.# #.
#...........## #.
##...#.####....#
#.#.##..#.##...(#..
#...###.#....####.#
#...# #.###..### .
#.(. #.##.....# #
#.D####....###.....
#.@......### ###.
#..#####.# #....#
#.## ###..# #..#
#..# ##.## #..#
#..# #..# ##.##
#..# #..# #..# ##.#


You could see a ten-headed hydra.

Vanquished Creatures
  A two-headed ogre (D:5)
  An elephant (D:9)
  Psyche (D:10)
  A kobold demonologist (D:10)
  A wyvern (D:9)
  10 yaks (D:9)
  A basilisk (D:9)
  Duvessa (D:7)
  2 ice beasts
  A black bear (D:9)
  A sky beast (D:9)
  3 phantoms
  A necrophage (D:9)
  2 orc warriors
  4 ogres
  3 centaurs
  6 big kobolds (D:10)
  9 bullfrogs
  Dowan (D:7)
  2 scorpions
  4 wights (D:8)
  2 howler monkeys
  2 bullfrog zombies
  A bullfrog skeleton (D:5)
  2 hounds
  2 quasits
  2 centaur zombies
  3 orc priests
  2 jellies
  3 orc wizards
  A centaur skeleton (D:5)
  Jessica (D:2)
  Ijyb (D:4)
  3 iguanas
  11 worker ants
  A killer bee zombie (D:6)
  A hound skeleton (D:4)
  A howler monkey zombie (D:5)
  7 adders
  3 shadow imps
  2 white imps
  2 ufetubi
  2 adder skeletons
  An adder zombie (D:6)
  4 worms
  A dart slug (D:3)
  4 leopard geckos
  29 orcs
  7 giant cockroaches
  9 goblins
  6 hobgoblins
  5 jackals
  6 kobolds
  2 quokkas
  A ball python (D:5)
  A ball python skeleton (D:4)
  6 bats
  7 frilled lizards
  A leopard gecko zombie (D:3)
  A quokka zombie (D:7)
  2 rats
204 creatures vanquished.

Vanquished Creatures (others)
  2 fungi (D:9)
  A plant (D:9)
3 creatures vanquished.

Grand Total: 207 creatures vanquished

Notes
Turn   | Place    | Note
-------+----------+-------------------------------------------
     0 | D:1      | pkoi the Troll Monk began the quest for the Orb.
     0 | D:1      | Reached XP level 1. HP: 22/22 MP: 0/0
   228 | D:1      | Reached XP level 2. HP: 29/29 MP: 1/1
   779 | D:2      | Reached skill level 1 in Throwing
   832 | D:2      | Reached XP level 3. HP: 36/36 MP: 2/2
   868 | D:2      | Noticed Jessica
   880 | D:2      | Killed Jessica
   881 | D:2      | Reached skill level 4 in Unarmed Combat
  1012 | D:2      | Found a faded altar of an unknown god.
  1201 | D:2      | Reached XP level 4. HP: 36/44 MP: 3/3
  1953 | D:4      | Reached XP level 5. HP: 50/50 MP: 4/4
  1992 | D:4      | Noticed Ijyb
  1992 | D:4      | Noticed a phantom
  2005 | D:4      | Killed Ijyb
  2011 | D:4      | Killed a phantom
  2012 | D:4      | Reached skill level 5 in Unarmed Combat
  2166 | D:4      | Reached XP level 6. HP: 59/59 MP: 5/5
  2221 | D:4      | Reached skill level 6 in Unarmed Combat
  2607 | D:5      | Entered Level 5 of the Dungeon
  2639 | D:5      | Found a radiant altar of Vehumet.
  2788 | D:5      | Noticed a two-headed ogre
  2795 | D:5      | Killed a two-headed ogre
  2796 | D:5      | Reached skill level 9 in Unarmed Combat
  2796 | D:5      | Reached XP level 7. HP: 44/66 MP: 6/6
  2796 | D:5      | Reached XP level 8. HP: 49/74 MP: 7/7
  3269 | D:5      | Got a masterwork kite shield
  3275 | D:5      | Identified the cursed +0 kite shield of Ateves {Str+5 Dex+4
                  | Stlth+} (You found it on level 5 of the Dungeon)
  3398 | D:6      | Found a staircase to the Ecumenical Temple.
  3429 | D:5      | Reached skill level 10 in Unarmed Combat
  3548 | Temple   | Entered the Ecumenical Temple
  4084 | D:6      | Reached skill level 11 in Unarmed Combat
  4585 | D:7      | Noticed Duvessa
  4586 | D:7      | Noticed Dowan
  4606 | D:7      | Killed Duvessa
  4607 | D:7      | Reached XP level 9. HP: 54/80 MP: 8/8
  4623 | D:7      | Killed Dowan
  4703 | D:7      | Found an iron altar of Okawaru.
  4706 | D:7      | Found a snail-covered altar of Cheibriados.
  4709 | D:7      | Found a glowing golden altar of the Shining One.
  4709 | D:7      | Found a shimmering altar of Xom.
  4709 | D:7      | Found a hide-covered altar of Uskayaw.
  4710 | D:7      | Found a stormy altar of Qazlal.
  4712 | D:7      | Became a worshipper of Warmaster Okawaru
  4712 | D:7      | Reached * piety under Okawaru
  4712 | D:7      | Reached ** piety under Okawaru
  4812 | D:7      | Found a basalt altar of Yredelemnul.
  4841 | D:7      | Found a sacrificial altar of Ru.
  5502 | D:8      | Reached skill level 1 in Invocations
  5726 | D:8      | Got a wavering granite ring
  6078 | D:8      | Reached *** piety under Okawaru
  6486 | D:9      | Reached XP level 10. HP: 72/93 MP: 11/11
  6490 | D:9      | Reached **** piety under Okawaru
  6547 | D:9      | Reached skill level 5 in Throwing
  6828 | D:9      | Found a radiant altar of Vehumet.
  6838 | D:9      | Found an opulent altar of Gozag.
  7148 | D:9      | Noticed an elephant
  7149 | D:9      | Found a staircase to the Lair.
  7157 | D:9      | Killed an elephant
  7188 | D:9      | Reached skill level 5 in Dodging
  7287 | D:9      | Reached ***** piety under Okawaru
  7288 | D:9      | Reached skill level 5 in Fighting
  7336 | D:9      | Identified the cursed ring "Ycor" {*Contam Will+++ Str-4
                  | Int+3 Slay+3} (You found it on level 8 of the Dungeon)
  7958 | D:10     | Entered Level 10 of the Dungeon
  7993 | D:10     | Reached skill level 12 in Unarmed Combat
  8127 | D:10     | Noticed Psyche
  8136 | D:10     | Killed Psyche
  8219 | D:10     | Noticed a six-headed hydra
  8229 | D:10     | Slain by a ten-headed hydra

Illustrated notes

Levels and vault maps discovered:
D:1:      minmay_arrival_checkered_box, layout_basic
D:2:      layout_loops_ring, chequers_ecumenical_altar_island, uniq_jessica
D:3:      layout_rooms, grunt_decor_clamped, st_stairs_5
D:4:      layout_loops_ring, uniq_ijyb
D:5:      layout_basic, grunt_ministairs_15, vehumet_altar_wand_db
D:6:      layout_layer_cave, minmay_temple_entry_offerings
D:7:      layout_layer_cave, general_overflow_altar, grunt_temple_overflow_open,
          basic_altar, uniq_duvessa
D:8:      layout_loops_corners, corner_web_ring
D:9:      layout_loops_corners, amethyst_overflow_temple_binary,
          david_lair_generic, serial_co_window_serial,
          co_window_of_opportunity_a, co_window_of_opportunity_a,
          co_window_corner_a, co_window_corner_a, co_window_paths_a,
          co_window_corner_a, co_window_paths_a, co_window_broadway_b,
          co_window_cross_4, co_window_broadway_a, co_window_2corner,
          co_window_corner_b, co_window_corner_ca, co_window_of_opportunity_b,
          glass_columns_c, glass_columns_a
D:10:     layout_rooms, nicolae_trove_entry_columns, special_room
          [special_room_kobold], uniq_psyche
Temple:   oiseaux_autumnal_temple

Skill      XL: |  1  2  3  4  5  6  7  8  9 10 |
---------------+-------------------------------+-----
Throwing       | 1 2 3 4 5 |  5.9
Unarmed Combat | 4 5 9 11 12 | 12.1
Dodging        | 4 5 |  5.3
Fighting       | 4 5 |  5.3
Invocations    | 3 4 |  4.6
Stealth        | |  1.6

Action                   |  1- 3 |  4- 6 |  7- 9 | 10-12 || total
-------------------------+-------+-------+-------+-------++-------
Melee: Unarmed           |    74 |   128 |   232 |   145 ||   579
       Punch             |       |       |    20 |    16 ||    36
Throw: Large rock        |       |     2 |       |       ||     2
Invok: Heroism           |       |       |       |     3 ||     3
       Finesse           |       |       |       |     1 ||     1
  Use: Scroll            |       |     6 |     8 |     8 ||    22
       Potion            |       |       |     2 |     3 ||     5
 Stab: Sleeping          |     2 |     5 |     6 |     2 ||    15
Armor: Robe              |    33 |    43 |    57 |    43 ||   176
Dodge: Dodged            |    39 |    56 |   121 |    69 ||   285
